 Dungeon Crawl Stone Soup version 0.22.1-2-g9c5b331 (webtiles) character file.

7567 mistaalex the Grappler (level 10, -3/93 HPs)
             Began as a Troll Berserker on Nov 15, 2018.
             Was a High Priest of Trog.
             Slain by a troll (7 damage)
             ... on level 9 of the Dungeon on Nov 21, 2018.
             The game lasted 01:20:29 (9289 turns).

mistaalex the Grappler (Troll Berserker)            Turns: 9289, Time: 01:20:32

Health: -3/93      AC: 14    Str: 28    XL:     10   Next: 97%
Magic:  3/3        EV: 12    Int:  3    God:    Trog [*****.]
Gold:   341        SH: 15    Dex: 11    Spells: 9/9 levels left

rFire    + . .     SeeInvis .   p - +3 trident (antimagic)
rCold    + . .     Gourm    +   i - +4 shield
rNeg     . . .     Faith    .   d - +2 robe {MR+}
rPois    +         Spirit   .   j - +2 hat
rElec    +         Reflect  .   n - +2 cloak {rPois}
rCorr    +         Harm     .   (gloves unavailable)
MR       +....     Rnd*Rage +   (boots unavailable)
Stlth    +++.......             (no amulet)
HPRegen  0.65/turn              f - ring of stealth
MPRegen  0.08/turn              x - +2 ring of protection

@: resistant, flying, hasted, very quick
A: large, unfitting armour, claws 3, berserk 1, fast metabolism 3, gourmand,
regeneration 1, shaggy fur 1, tough skin 2, MP-powered wands
a: Berserk, Trog's Hand, Brothers in Arms, Renounce Religion


You were on level 9 of the Dungeon.
You worshipped Trog.
Trog was extremely pleased with you.
You were not hungry.

You visited 2 branches of the dungeon, and saw 10 of its levels.

You collected 535 gold pieces.
You spent 194 gold pieces at shops.

Inventory:

Hand Weapons
 c - a +3 dagger of chaos
 p - a +3 antimagic trident (weapon)
Armour
 d - a +2 robe of magic resistance (worn)
 i - a +4 shield (worn)
 j - a +2 hat (worn)
 n - a +2 cloak of poison resistance (worn)
 v - a +0 troll leather armour
Jewellery
 f - a ring of stealth (left claw)
 x - a +2 ring of protection (right claw)
Wands
 g - a wand of flame (28)
 k - a wand of enslavement (6)
 o - a wand of polymorph (14)
 w - a wand of random effects (23)
Scrolls
 h - 4 scrolls of immolation
 m - a scroll of identify
 q - a scroll of remove curse
 s - 3 scrolls of fear
 u - a scroll of teleportation
Potions
 e - 3 potions of curing
 l - 2 potions of invisibility
 r - a potion of berserk rage
 z - 2 potions of flight
Comestibles
 b - 7 rations


   Skills:
 + Level 4.2 Fighting
 + Level 0.3 Polearms
 + Level 6.9 Dodging
 + Level 2.8 Stealth
 + Level 6.8 Shields
 + Level 11.2 Unarmed Combat


You had 9 spell levels left.
You didn't know any spells.
Your spell library contained the following spells:

 Spells                   Type           Power        Failure   Level  Hunger
 Apportation              Tloc           #.....       67%         1    ##.....
 Summon Butterflies       Summ           #.......     67%         1    ##.....
 Lesser Beckoning         Tloc           #.........   96%         3    ####...
 Tukima's Dance           Hex            #.......     96%         3    ####...
 Alistair's Intoxication  Tmut/Pois      #.......     100%        5    ######.
 Invisibility             Hex            #.......     100%        6    #######


Dungeon Overview and Level Annotations

Branches:
Dungeon (9/15)             Temple (1/1) D:5            Lair (0/6) D:8
    Orc: D:9-12

Altars:
Ashenzari
Cheibriados
Dithmenos
Elyvilon
Fedhas
Gozag
Hepliaklqana
Kikubaaqudgha
Makhleb
Nemelex Xobeh
Okawaru
Qazlal
Ru
Sif Muna
Uskayaw
Vehumet
Wu Jian
Xom
Yredelemnul
Zin
The Shining One

Shops:
D:5 %=[   D:8 [(


Innate Abilities, Weirdness & Mutations

You are too large for most types of armour.
You have claws for hands.
Your metabolism is lightning-fast.
You like to eat raw meat.
Your natural rate of healing is unusually fast.
You are covered in fur. (AC +1)
You have very tough skin. (AC +2)
You tend to lose your temper in combat.
You expend magic power (3 MP) to strengthen your wands.


Message History

The troll closely misses you.
It was a potion of flight.
You feel very buoyant.
You fly up into the air.
You barely miss the troll.
The troll is moderately wounded.
You block the troll's attack. The troll closely misses you. x2
The sky beast flickers out of sight!
Deactivating autopickup; reactivate with Ctrl-A.
You hit the troll.
The troll is moderately wounded.
You block the troll's attack.
The troll claws you but does no damage. x2
The orc priest miscasts a cantrip.
You puncture the troll!
The troll is severely wounded.
The orc priest invokes the aid of Beogh against you.
Beogh smites you!
* * * LOW HITPOINT WARNING * * *
The troll bites you but does no damage. The troll claws you!
You die...

############ #..........#
#..........# #..........#
#..........#
##..........#############
.)≈.......).)o{T@.......#
##..........###########.#
#..........# #.#
#..........# #.#
#..........# #.#
############ #.# #.# #.#
#.#


You could see a troll and an orc priest.

Vanquished Creatures
  Erolcha (D:9)
  A gargoyle (D:9)
  A troll (D:9)
  A hornet (D:9)
  3 hippogriffs
  Prince Ribbit (D:5)
  A wyvern (D:9)
  A spriggan (D:9)
  6 yaks (D:7)
  2 hungry ghosts
  A water moccasin (D:7)
  3 orc warriors
  2 ice beasts
  3 sky beasts
  2 necrophages
  2 phantoms
  6 ogres
  A centaur (D:6)
  3 bullfrogs
  3 scorpions
  4 killer bees (D:9)
  A howler monkey (D:4)
  4 wights (D:6)
  5 crimson imps
  A bullfrog zombie (D:8)
  A quasit (D:8)
  3 hounds
  A gnoll shaman (D:7)
  A bullfrog skeleton (D:4)
  9 orc priests
  5 jellies
  3 centaur skeletons
  4 orc wizards
  6 worker ants
  Natasha (thrice) (D:4)
  A hound zombie (D:7)
  2 hound skeletons
  9 adders
  16 gnolls
  An ooze (D:1)
  An adder skeleton (D:4)
  An adder zombie (D:7)
  4 worms
  A dart slug (D:1)
  6 leopard geckos
  23 orcs
  3 giant cockroaches
  6 goblins
  9 hobgoblins
  10 jackals
  5 quokkas
  5 bats
  5 frilled lizards
  9 kobolds
  A leopard gecko skeleton (D:4)
  A leopard gecko zombie (D:7)
  A quokka zombie (D:6)
  8 rats
  2 fungi (D:8)
  A plant (D:3)
226 creatures vanquished.

Vanquished Creatures (others)
  A fungus (D:8)
1 creature vanquished.

Grand Total: 227 creatures vanquished

Notes
Turn   | Place    | Note
-------+----------+-------------------------------------------
     0 | D:1      | mistaalex the Troll Berserker began the quest for the Orb.
     0 | D:1      | Reached XP level 1. HP: 22/22 MP: 0/0
   163 | D:1      | Reached XP level 2. HP: 29/29 MP: 1/1
   707 | D:1      | Reached XP level 3. HP: 37/37 MP: 2/2
  1235 | D:2      | Reached ** piety under Trog
  1241 | D:2      | Reached XP level 4. HP: 38/45 MP: 3/3
  1297 | D:2      | Reached skill level 4 in Unarmed Combat
  1400 | D:2      | Found an iron altar of Okawaru.
  1574 | D:2      | Found a radiant altar of Vehumet.
  1734 | D:2      | Found a sacrificial altar of Ru.
  2083 | D:3      | Reached XP level 5. HP: 39/53 MP: 4/4
  2129 | D:3      | Reached skill level 1 in Shields
  2876 | D:3      | Found a blossoming altar of Fedhas.
  3027 | D:4      | Reached skill level 5 in Unarmed Combat
  3027 | D:4      | Reached XP level 6. HP: 47/61 MP: 5/5
  3102 | D:4      | Noticed Natasha
  3117 | D:4      | Killed Natasha
  3127 | D:4      | Reached XP level 7. HP: 26/67 MP: 6/6
  3132 | D:4      | Reached skill level 6 in Unarmed Combat
  3235 | D:4      | Reached skill level 1 in Stealth
  3288 | D:4      | Noticed Natasha
  3302 | D:4      | Killed Natasha
  3302 | D:4      | Reached *** piety under Trog
  3502 | D:4      | Noticed Natasha
  3534 | D:4      | Killed Natasha
  3603 | D:4      | Found a burning altar of Makhleb.
  3603 | D:4      | Found a shimmering altar of Xom.
  4070 | D:5      | Entered Level 5 of the Dungeon
  4122 | D:5      | Reached XP level 8. HP: 78/78 MP: 7/7
  4123 | D:5      | Found Gulasop's Food Emporium.
  4304 | D:5      | Noticed Prince Ribbit
  4322 | D:5      | Killed Prince Ribbit
  4322 | D:5      | Reached skill level 7 in Unarmed Combat
  4380 | D:5      | Found Ephif's Armour Emporium.
  4385 | D:5      | Found Daorchon's Jewellery Boutique.
  4567 | D:5      | Found a sparkling altar of Nemelex Xobeh.
  4671 | D:5      | Found Huckij's Distillery.
  4753 | D:5      | Found a staircase to the Ecumenical Temple.
  4766 | Temple   | Entered the Ecumenical Temple
  5268 | D:5      | Paralysed by fainting for 5 turns
  5858 | D:6      | Reached skill level 8 in Unarmed Combat
  6182 | D:6      | Gained mutation: You tend to lose your temper in combat.
                  | [potion of mutation]
  6182 | D:6      | Gained mutation: You expend magic power (3 MP) to
                  | strengthen your wands. [potion of mutation]
  6184 | D:6      | Lost intelligence.
  6293 | D:7      | Found a blossoming altar of Fedhas.
  6434 | D:7      | Noticed a hippogriff
  6445 | D:7      | Killed a hippogriff
  6445 | D:7      | Reached **** piety under Trog
  6445 | D:7      | Reached XP level 9. HP: 80/84 MP: 8/8
  6498 | D:7      | Reached skill level 5 in Dodging
  6811 | D:7      | Found a white marble altar of Elyvilon.
  6852 | D:7      | Reached skill level 9 in Unarmed Combat
  6891 | D:7      | Reached skill level 5 in Shields
  7143 | D:7      | Reached XP level 10. HP: 90/92 MP: 9/9
  7612 | D:8      | Found Cava's Armour Boutique.
  7641 | D:8      | Bought a +2 robe of magic resistance for 194 gold pieces
  7662 | D:8      | Found a deep blue altar of Sif Muna.
  7727 | D:8      | Reached skill level 10 in Unarmed Combat
  7771 | D:8      | Found a staircase to the Lair.
  8098 | D:8      | Found Akkol's Antique Weapon Emporium.
  8375 | D:9      | Reached ***** piety under Trog
  8402 | D:9      | Found a stormy altar of Qazlal.
  8405 | D:9      | Noticed Erolcha
  8417 | D:9      | Killed Erolcha
  8600 | D:9      | Reached skill level 11 in Unarmed Combat
  8834 | D:9      | Received a gift from Trog
  8940 | D:9      | Noticed a gargoyle
  8957 | D:9      | Killed a gargoyle
  9289 | D:9      | HP: 4/93 [orc priest/divine providence (12)]
  9289 | D:9      | Slain by a troll

Skill      XL: |  1  2  3  4  5  6  7  8  9 10 |
---------------+-------------------------------+-----
Fighting       | 3 4 |  4.2
Unarmed Combat | 4 5 6 8 9 11 | 11.2
Dodging        | 3 4 6 |  6.9
Shields        | 1 2 4 5 6 |  6.8
Stealth        | 1 2 |  2.8
Polearms       | |  0.3

Action                   |  1- 3 |  4- 6 |  7- 9 | 10-12 || total
-------------------------+-------+-------+-------+-------++-------
Melee: Unarmed           |    79 |   166 |   283 |   174 ||   702
       Punch             |     1 |       |       |       ||     1
       Trident           |       |       |       |    77 ||    77
  Use: Scroll            |     2 |     2 |    14 |     7 ||    25
       Potion            |       |     2 |    15 |     4 ||    21
 Stab: Sleeping          |       |     2 |     4 |     3 ||     9
  Eat: Chunk             |     5 |    17 |    22 |    11 ||    55
       Ration            |     1 |       |     6 |     3 ||    10
Armor: Animal skin       |    34 |    20 |       |       ||    54
       Robe              |       |     9 |    95 |    64 ||   168
Dodge: Dodged            |    53 |    42 |    88 |    83 ||   266
Block: Shield            |    16 |    66 |   209 |   176 ||   467
